 Dungeon Crawl Stone Soup version 0.29-a0-582-ge82337ba6a (webtiles) character file.

Game seed: 7312498488878179986

28 tilp the Grave Robber (level 2, -3/21 HPs)
             Began as a Mummy Necromancer on June 14, 2022.
             Slain by a gnoll
             ... wielding a +0 whip
              (5 damage)
             ... on level 2 of the Dungeon.
             The game lasted 00:01:33 (1521 turns).

tilp the Grave Robber (Mummy Necromancer)           Turns: 1521, Time: 00:01:34

Health: -3/21      AC:  2    Str: 17    XL:     2   Next: 96%
Magic:  4/6        EV: 12    Int: 14    God:
Gold:   64         SH:  0    Dex: 12    Spells: 6/7 levels left

rFire   x . .      SeeInvis .   a - +4 spear "Coudaopro" {freeze, *Noise rElec rPois}
rCold   + . .      Faith    .   (no shield)
rNeg    + + +      Spirit   .   d - +0 robe
rPois   ∞          Reflect  .   (no helmet)
rElec   +          Harm     .   (no cloak)
rCorr   .          Rampage  .   (no gloves)
Will    .....                   (no boots)
Stlth   ++........              (no amulet)
HPRegen 0.07/turn               e - +6 ring of strength
MPRegen 0.10/turn               (no ring)

@: no status effects
A: cold resistance 1, negative energy resistance 3, torment resistance 2, heat
vulnerability 1, no potions
a: no special abilities


You were on level 2 of the Dungeon.
You visited 1 branch of the dungeon, and saw 2 of its levels.

You collected 64 gold pieces.

Inventory:

Hand Weapons
 a - the +4 spear "Coudaopro" (weapon) {freeze, *Noise rElec rPois}
   (You found it on level 2 of the Dungeon)

   It freezes those it strikes, dealing additional cold damage.
   It can also slow down cold-blooded creatures.
   rElec:     It insulates you from electricity.
   rPois:     It protects you from poison.
   *Noise:    It may make noises in combat.
 b - a +0 dagger
Missiles
 c - 5 poisoned darts
 f - 21 stones (quivered)
Armour
 d - a +0 robe (worn)
Jewellery
 e - a +6 ring of strength (left hand)


   Skills:
 * Level 1.1 Fighting
 + Level 1.8 Dodging
 + Level 1.8 Stealth
 - Level 3.0 Spellcasting
 * Level 4.3 Necromancy


You had 6 spell levels left.
You knew the following spells:

 Your Spells              Type           Power      Damage    Failure   Level
a - Necrotize             Necr           56%        1d6       3%          1

Your spell library contained the following spells:

 Spells                   Type           Power      Damage    Failure   Level
 Vampiric Draining        Necr           14%        2d7       11%         3
 Animate Dead             Necr           14%        N/A       34%         4
 Agony                    Necr           14%        N/A       69%         5


Dungeon Overview and Level Annotations

Branches:
Dungeon (2/15)

Altars:


Innate Abilities, Weirdness & Mutations

You are immune to poison.
Your flesh is cold resistant. (rC+)
You are immune to negative energy. (rN+++)
You are immune to unholy pain and torment.
You are vulnerable to heat. (rF-)
You do not drink.


Message History

A gnoll is nearby!
You closely miss the gnoll. The gnoll completely misses you.
You closely miss the gnoll. The gnoll closely misses you.
You completely miss the gnoll. The gnoll hits you but does no damage.
You barely miss the gnoll. The gnoll hits you with a +0 whip!
The gnoll barely misses you.
You are too injured to fight recklessly!
You are too injured to fight recklessly!
Casting: Necrotize (safe; 3% risk of failure)
Confirm with . or Enter, or press ? or * to list all spells.
Aiming: Necrotize (safe; 3% risk of failure)
Press: ? - help, Shift-Dir - straight line, f - gnoll
Aim: a gnoll, wielding a +0 whip (chance to affect: 78%)
The gnoll writhes in agony.
The gnoll hits you with a +0 whip.
* * * LOW HITPOINT WARNING * * *
Unknown command.
Casting: Necrotize (safe; 3% risk of failure)
Confirm with . or Enter, or press ? or * to list all spells.
Aiming: Necrotize (safe; 3% risk of failure)
Press: ? - help, Shift-Dir - straight line, f/p - gnoll
Aim: a gnoll, wielding a +0 whip (heavily wounded, chance to affect: 78%)
The gnoll writhes in agony.
The gnoll hits you with a +0 whip.
* * * LOW HITPOINT WARNING * * *
Unknown command.
Casting: Necrotize (safe; 3% risk of failure)
Confirm with . or Enter, or press ? or * to list all spells.
You don't know that spell.
Unknown command.
Unknown command.
You closely miss the gnoll.
Your spear "Coudaopro" swears.
The gnoll is heavily wounded.
You hear a shout!
The gnoll hits you with a +0 whip.
* * * LOW HITPOINT WARNING * * *
Unknown command.
You hit the gnoll. You freeze the gnoll.
The gnoll is severely wounded.
The gnoll hits you with a +0 whip.
You die...

#...[..#..#.P#+
..♣
#......#..#.♣.##
P♣
########..♣..PP#
♣ #..♣.P.♣
...####.....♣♣♣
...............
...####.###.###
#.g.......
#.@.......
#.........
#.........
#.........
#......!..
..........
...........
......#####
.......#


You could see a gnoll.

Vanquished Creatures
  A worm (D:2)
  A dart slug (D:1)
  A ball python (D:1)
  4 bats (D:1)
  2 endoplasms (D:1)
  2 hobgoblins (D:1)
  2 quokkas (D:2)
  5 goblins
  2 kobolds (D:1)
20 creatures vanquished.

Vanquished Creatures (others)
  A plant (D:2)
1 creature vanquished.

Grand Total: 21 creatures vanquished

Notes
Turn   | Place    | Note
-------+----------+-------------------------------------------
     0 | D:1      | tilp the Mummy Necromancer began the quest for the Orb.
     0 | D:1      | Reached XP level 1. HP: 13/13 MP: 4/4
   387 | D:1      | Reached XP level 2. HP: 20/20 MP: 1/5
   576 | D:1      | Found a faded altar of an unknown god.
   869 | D:1      | Reached skill level 1 in Fighting
  1453 | D:2      | Identified the +4 spear "Coudaopro" {freeze, *Noise rElec
                  | rPois}
  1521 | D:2      | Slain by a gnoll

Illustrated notes

Levels and vault maps discovered:
D:1:      minmay_arrival_loop, layout_basic,
          shapermc_ecumenical_altar_totnotflames
D:2:      wad_woods_tower, layout_basic, uniq_sigmund

Skill      XL: |  1  2 |
---------------+-------+-----
Fighting       | 1 |  1.1
Spellcasting   | 3 |  3.0
Dodging        | |  1.8
Stealth        | |  1.8
Necromancy     | |  4.3

Action                   || total
-------------------------++-------
Melee: Unarmed           ||     4
       Spear             ||    11
       Dagger            ||     9
 Cast: Necrotize         ||    43
  Use: Scroll            ||     3
Armor: Robe              ||     2
Dodge: Dodged            ||    13

Table legend: (Time is in decaauts)
 A = Elapsed time spent in this place.
 B = Non-inter-level travel time spent in this place.
 C = Inter-level travel time spent in this place.
 D = Time resting spent in this place.
 E = Time spent auto-exploring this place.
 F = Levels seen in this place.
 G = Mean time per level.
                   A        B        C        D        E       F      G
               +--------+--------+--------+--------+--------+-----+--------+
         Total |   1520 |   1504 |     16 |    100 |   1254 |   2 |  760.0 |
       Dungeon |   1520 |   1504 |     16 |    100 |   1254 |   2 |  760.0 |
               +--------+--------+--------+--------+--------+-----+--------+

Top non-repeatable levels by time:
     D:1: 1390 daAuts
     D:2: 130 daAuts
